Map: Ephemeron LE

Players

COORSLIGHT - Winner!

  • Race: Protoss Protoss
  • League: Master
  • Spawn Location: 11:00

JimRising

  • Race: Zerg Zerg
  • League: Grandmaster
  • Spawn Location: 5:00

VOD

Have the link to the VOD?

Description

Time

  • Played on: Dec. 7, 2019, 9:35 p.m.
  • Length: 6:54
Show
View Real Time Build Order
Export as new Build Order

COORSLIGHT Protoss - Winner!

Build Orders: 1 Gate Expand 

Get SALT Encoding   

  12  0:00  Probe  
  13  0:13  Probe  
  14  0:19  Pylon  
  14  0:25  Probe  
  15  0:37  Probe (Chrono Boost)  
  15  0:38  Gateway  
  16  0:46  Probe (Chrono Boost)  
  16  0:48  Assimilator  
  17  0:51  Probe (Chrono Boost)  
  18  1:03  Probe  
  19  1:15  Probe  
  20  1:24  Nexus  
  20  1:34  Cybernetics Core  
  20  1:37  Probe  
  21  1:44  Assimilator  
  21  1:50  Probe  
  21  1:53  Pylon  
  22  2:02  Probe  
  23  2:08  Adept (Chrono Boost)  
  23  2:14  Robotics Facility  
  25  2:17  Probe (Chrono Boost)  
  25  2:21  Warp Gate  
  26  2:28  Probe (Chrono Boost)  
  27  2:31  Stalker  
  27  2:33  Probe (Chrono Boost)  
  30  2:42  Probe (Chrono Boost)  
  31  2:50  Probe (Chrono Boost)  
  33  2:52  Probe (Chrono Boost)  
  33  2:56  Probe (Chrono Boost)  
  33  2:57  Probe  
  34  3:01  Warp Prism (Chrono Boost)  
  37  3:11  Probe x2  
  39  3:15  Sentry  
  41  3:21  Pylon  
  41  3:23  Probe x2  
  41  3:25  Forge  
  43  3:30  Observer (Chrono Boost)  
  44  3:35  Probe x2  
  44  3:38  Gateway  
  46  3:48  Immortal (Chrono Boost)  
  46  3:49  Probe  
  51  4:03  Protoss Ground Weapons Level 1 (Chrono Boost)  
  51  4:04  Probe x2  
  51  4:09  Assimilator  
  53  4:10  Pylon  
  53  4:11  Pylon  
  53  4:16  Probe  
  54  4:18  Gateway  
  54  4:19  Gateway  
  54  4:23  Gateway  
  54  4:28  Immortal (Chrono Boost)  
  55  4:33  Sentry x2  
  62  4:55  Nexus  
  62  4:56  Pylon  
  62  5:03  Sentry x2  
  62  5:06  Pylon  
  66  5:08  Probe x2  
  68  5:19  Sentry  
  68  5:24  Sentry  
  68  5:25  Zealot  
  68  5:27  Zealot x2, Pylon  
  76  5:30  Probe x2  
  76  5:35  Twilight Council  
  78  5:42  Probe x2, Stalker  
  82  5:46  Pylon  
  82  5:47  Zealot x2  
  82  5:48  Zealot x2  
  90  6:06  Probe  
  90  6:07  Probe  
  90  6:09  Zealot x3  
  90  6:10  Zealot, Stalker  
  76  6:32  Stalker x4  
  82  6:33  Probe x2  
  82  6:44  Stalker  
Show
View Real Time Build Order
Export as new Build Order

JimRising Zerg 

Build Orders: Hatch First 

Get SALT Encoding   

  12  0:00  Drone  
  13  0:13  Overlord  
  13  0:17  Drone  
  14  0:31  Drone  
  14  0:32  Drone  
  16  0:37  Drone  
  17  0:51  Hatchery  
  17  0:55  Drone  
  17  1:05  Drone  
  18  1:13  Extractor  
  18  1:17  Drone  
  18  1:18  Spawning Pool  
  17  1:29  Drone x2  
  19  1:40  Drone  
  20  2:02  Overlord  
  20  2:05  Queen  
  20  2:06  Queen  
  20  2:07  Zergling x4  
  26  2:16  Drone x2  
  26  2:18  Metabolic Boost  
  28  2:23  Drone  
  28  2:26  Drone  
  30  2:36  Drone x2  
  32  2:47  Hatchery  
  32  2:50  Drone x2  
  33  2:56  Queen  
  35  3:04  Spore Crawler  
  34  3:07  Spore Crawler  
  34  3:09  Drone x2  
  35  3:13  Drone  
  35  3:15  Overlord  
  36  3:23  Overlord  
  37  3:29  Overlord  
  37  3:34  Drone x3  
  37  3:35  Drone x2  
  37  3:40  Drone x2  
  44  3:47  Evolution Chamber  
  44  3:48  Drone x3  
  46  3:56  Overlord  
  46  3:58  Drone x3  
  49  4:05  Extractor  
  49  4:06  Overlord  
  49  4:08  Drone x2  
  50  4:10  Drone  
  50  4:14  Zerg Melee Weapons Level 1  
  51  4:20  Drone  
  51  4:22  Zergling x6, Roach Warren  
  51  4:23  Zergling x2  
  55  4:24  Zergling x2  
  57  4:31  Drone  
  57  4:32  Overlord x2  
  57  4:34  Overlord  
  57  4:44  Zergling x6  
  57  4:45  Zergling x8  
  63  5:04  Roach  
  63  5:05  Roach x8  
  80  5:08  Drone, Extractor  
  80  5:09  Drone x2  
  76  5:22  Roach  
  76  5:23  Roach x5  
  76  5:26  Zergling x6  
  89  5:33  Overlord x2  
  89  5:34  Overlord  
  89  5:36  Ravager  
  89  5:42  Overlord x2  
  89  5:51  Overlord  
  89  5:53  Ravager x2  
  89  5:54  Zergling x6, Ravager  
  89  5:55  Zergling x2  
  89  5:56  Zergling x4  
  98  5:59  Zergling x4  
  98  6:00  Queen  
  98  6:03  Zergling x2  
  95  6:05  Roach  
  95  6:09  Roach x2  
  95  6:10  Zergling x2  
  97  6:14  Roach x2  
  97  6:17  Roach  
  92  6:18  Zergling x2  
  92  6:21  Zergling x4  
  92  6:23  Roach  
  92  6:24  Zergling x2  
  86  6:27  Zergling x2  
  86  6:31  Roach  
  80  6:33  Zergling x2  
Tags
 
Add a new tag
Caveats
  • Supply blocks, unpowered buildings, or Contaminate may cause inaccurate times.
  • Supply counts are checked every 10 seconds.